 Dungeon Crawl Stone Soup version 0.29-a0-82-g837932c90e (webtiles) character file.

Game seed: 493212182343392038

44 HallandMoats the Skirmisher (level 3, 0/29 HPs)
             Began as a Demonspawn Fighter on Feb 5, 2022.
             Was a Follower of Okawaru.
             Slain by an orc wizard (2 damage)
             ... on level 3 of the Dungeon.
             The game lasted 00:01:11 (1256 turns).

HallandMoats the Skirmisher (Demonspawn Fighter)    Turns: 1256, Time: 00:01:13

Health: 0/29       AC:  6    Str: 18    XL:     3   Next: 41%
Magic:  4/4        EV:  9    Int:  9    God:    Okawaru [*.....]
Gold:   107        SH:  4    Dex: 12    Spells: 2/2 levels left

rFire   . . .      SeeInvis .   a - +0 war axe
rCold   . . .      Faith    .   c - +0 buckler
rNeg    . . .      Spirit   .   b - +0 scale mail
rPois   .          Reflect  .   (no helmet)
rElec   .          Harm     .   (no cloak)
rCorr   .          Rampage  .   (no gloves)
Will    .....                   (no boots)
Stlth   ..........              (no amulet)
HPRegen 0.09/turn               (no ring)
MPRegen 0.09/turn               (no ring)

@: no status effects
A: demonic magic 1, demonic touch 1
a: Renounce Religion, Heroism


You were on level 3 of the Dungeon.
You worshipped Okawaru.
Okawaru was aware of your devotion.
You visited 1 branch of the dungeon, and saw 3 of its levels.

You collected 107 gold pieces.

Inventory:

Hand Weapons
 a - a +0 war axe (weapon)
Armour
 b - a +0 scale mail (worn)
 c - a +0 buckler (worn)
Jewellery
 f - an amulet of faith
Scrolls
 e - a scroll of summoning {unknown}
 g - a scroll of amnesia {unknown}
 j - a scroll of identify {unknown}
Potions
 d - a potion of might
 h - 3 potions of resistance {unknown}
 i - a potion of brilliance {unknown}


   Skills:
 * Level 3.3 Fighting
 * Level 2.2 Axes
 + Level 2.9 Armour
 + Level 0.7 Dodging
 + Level 2.8 Shields
 * Level 1.5 Invocations


You had 2 spell levels left.
You didn't know any spells.
Your spell library contained the following spells:

 Spells                   Type           Power      Damage    Failure   Level
 Pain                     Necr           0%         1d4       86%         1
 Agony                    Necr           0%         N/A       100%        5
 Excruciating Wounds      Necr           0%         N/A       100%        5


Dungeon Overview and Level Annotations

Branches:
Dungeon (3/15)

Altars:
Okawaru

Annotations:
D:2 1 runed translucent door, Crazy Yiuf, Sigmund


Innate Abilities, Weirdness & Mutations

Spells you cast may paralyse adjacent enemies.
Your touch may inflict minor irresistible damage on your foes.


Message History

You barely miss the orc.
The orc is almost dead.
You hit the adder.
You feel sick. The adder closely misses you. The orc barely misses you.
The orc closely misses you. The adder barely misses you.
You closely miss the orc.
The orc is almost dead.
You hit the adder.
You feel sick. You block the adder's attack. The orc barely misses you.
The adder barely misses you.
You slash the orc!
You kill the orc!
Okawaru accepts your kill.
You closely miss the adder.
You feel sick.
You are no longer poisoned.
The adder bites you but does no damage.
The orc throws a boomerang.
You block the boomerang. The adder bites you.
Something hits you but does no damage.
You miss something. You slash the adder!
You kill the adder!
Okawaru accepts your kill.
You miss something. Something hits you but does no damage.
The orc throws a boomerang.
The boomerang completely misses you. Something hits you.
You miss something. The orc hits you with a +0 dagger.
* * * LOW HITPOINT WARNING * * *
Something hits you but does no damage.
You hit the orc.
The orc is severely wounded.
You barely miss something. Something hits you.
* * * LOW HITPOINT WARNING * * *
The orc hits you with a +0 dagger.
* * * LOW HITPOINT WARNING * * *
You slash the orc!
You kill the orc!
Okawaru accepts your kill.
You closely miss something.
You hear some strange, mumbled words.
Something tries to affect you, but you resist.
Something hits you.
You die...

#### ...# #..##
# ######.†##..#
.......@)...#
##########.....
... #


There were no monsters in sight!

Vanquished Creatures
  2 adders
  2 orcs (D:3)
  A ball python (D:1)
  2 goblins (D:1)
  4 hobgoblins (D:1)
  4 jackals (D:1)
  4 kobolds
  3 bats (D:1)
  2 frilled lizards
  A rat (D:1)
25 creatures vanquished.

Notes
Turn   | Place    | Note
-------+----------+-------------------------------------------
     0 | D:1      | HallandMoats the Demonspawn Fighter began the quest for the
                  | Orb.
     0 | D:1      | Reached XP level 1. HP: 18/18 MP: 1/1
   166 | D:1      | Gained mutation: Your touch may inflict minor irresistible
                  | damage on your foes. [demonic ancestry]
   166 | D:1      | Reached XP level 2. HP: 11/24 MP: 2/2
   430 | D:1      | Reached skill level 1 in Invocations
   462 | D:1      | Found a faded altar of an unknown god.
   478 | D:1      | Prayed at the altar of an unknown god.
   478 | D:1      | Became a worshipper of Warmaster Okawaru
   478 | D:1      | Reached * piety under Okawaru
  1029 | D:2      | Found a runed translucent door.
  1030 | D:2      | Noticed Crazy Yiuf
  1169 | D:2      | Gained mutation: Spells you cast may paralyse adjacent
                  | enemies. [demonic ancestry]
  1169 | D:2      | Reached XP level 3. HP: 29/29 MP: 2/4
  1232 | D:2      | Noticed Sigmund
  1256 | D:3      | Slain by an orc wizard

Illustrated notes

Levels and vault maps discovered:
D:1:      shiori_shiawase, layout_basic, shapermc_ecumenical_altar_starsandcircs
D:2:      layout_loops_ring, uniq_robin, uniq_crazy_yiuf_cottage, uniq_sigmund
D:3:      layout_rooms, kennysheep_boxes

Skill      XL: |  1  2 |
---------------+-------+-----
Axes           | 2 |  2.2
Invocations    | 1 |  1.5
Fighting       | |  3.3
Armour         | |  2.9
Dodging        | |  0.7
Shields        | |  2.8

Action                   || total
-------------------------++-------
Melee: War axe           ||    86
Armor: Scale mail        ||    60
Dodge: Dodged            ||    56
Block: Buckler           ||    30

Table legend: (Time is in decaauts)
 A = Elapsed time spent in this place.
 B = Non-inter-level travel time spent in this place.
 C = Inter-level travel time spent in this place.
 D = Time resting spent in this place.
 E = Time spent auto-exploring this place.
 F = Levels seen in this place.
 G = Mean time per level.
                   A        B        C        D        E       F      G
               +--------+--------+--------+--------+--------+-----+--------+
         Total |   1297 |   1277 |     20 |    233 |    829 |   3 |  432.3 |
       Dungeon |   1297 |   1277 |     20 |    233 |    829 |   3 |  432.3 |
               +--------+--------+--------+--------+--------+-----+--------+

Top non-repeatable levels by time:
     D:1: 992 daAuts
     D:2: 291 daAuts
     D:3: 13 daAuts
